Unix NetHack Version 5.0.0-0 post-release - last build Jun 10 2026 00:39:30 (3ee93aec679c4c4259841fe613dc97188e26a321,branch:main).

Game began 2026-06-11 21:44:47, ended 2026-06-11 21:45:09.

JPB01, chaotic male elven Wizard

                                  ----------
                                  |........|
                                   ....x...+
                                  |........|
                                  |........|
                                  f@...$...|
                                  ----------

JPB01 the Evoker          St:10 Dx:14 Co:12 In:19 Wi:10 Ch:15  Chaotic
Dlvl:1  $:0  HP:0(11) Pw:8(8) AC:9  Xp:1 T:2  Conf

Latest messages:
 Shall I pick character's race, role, gender and alignment for you? [ynaq] n
 [Anhur has chosen you to recover the Amulet of Yendor for Him.]
 Hello JPB01, welcome to NetHack!  You are a chaotic male elven Wizard.
 What do you want to read? [ijklm or ?*] <esc>
 Never mind.
 What do you want to drink? [fgh or ?*] ?
 Ooph!  This tastes like liquid fire!
 Really save? [yn] (n) n
 What do you want to read? [ijklm or ?*] ?
 As you read the scroll, it disappears.
 Being confused, you mispronounce the magic words...
 Wiped out all wizards.
 Do you want your possessions identified? [ynq] (y) q

Inventory:
 Weapons  (')')
  a - a blessed +1 quarterstaff (weapon in hands)
 Armor    ('[')
  b - an uncursed +0 cloak of magic resistance (being worn)
 Scrolls  ('?')
  j - an uncursed scroll of confuse monster
  k - an uncursed scroll of gold detection
 Spellbooks  ('+')
  l - a blessed spellbook of force bolt
  m - an uncursed spellbook of jumping
 Potions  ('!')
  g - an uncursed potion of healing
  f - an uncursed potion of sleeping
 Rings    ('=')
  e - an uncursed ring of see invisible
  d - an uncursed ring of teleport control
 Wands    ('/')
  c - a wand of light (0:13)
 Tools    ('(')
  o - an uncursed bell
  n - a magic marker (0:21)

JPB01 the Wizard's attributes:

Background:
 You were an Evoker, a level 1 male elven Wizard.
 You were chaotic, on a mission for Anhur
 who was opposed by Ptah (lawful) and Thoth (neutral).
 You were right-handed.
 You were in the Dungeons of Doom, on level 1.
 You entered the dungeon 2 turns ago.
 You had 0 experience points, 20 were needed to attain level 2.

Basics:
 You had 0 out of 11 hit points.
 You had all 8 energy points (spell power).
 Your armor class was 9.
 Your wallet was empty.
 Autopickup was off.

Final Characteristics:
 Your strength was 10 (limit:18).
 Your dexterity was 14 (limit:18).
 Your constitution was 12 (limit:16).
 Your intelligence was 19 (limit:20).
 Your wisdom was 10 (limit:20).
 Your charisma was 15 (limit:18).

Final Status:
 You were confused.
 You weren't hungry.
 You were unencumbered.
 You were wielding a quarterstaff.
 You had basic skill with quarterstaff.

Final Attributes:
 You were nominally aligned.
 You were magic-protected.
 You had infravision.
 You were warded.
 You are dead.

Miscellaneous:
 You disabled loading and storing of bones levels.
 Total elapsed playing time was 7 seconds.

Major events:
 Turn
    1: JPB01 the chaotic male elven Wizard entered the dungeon
    2: performed his first genocide (wizards)
    2: killed by genocidal confusion

Spells:
 Name                 Level Category     Fail Retention
 force bolt             1   attack         0%  91%-100%
 jumping                1   escape         0%  76%-100%

Skills:
 Fighting Skills
   bare handed combat [Unskilled]
   riding             [Unskilled]
 Weapon Skills
   dagger             [Unskilled]
   knife              [Unskilled]
   axe                [Unskilled]
   short sword        [Unskilled]
   club               [Unskilled]
   mace               [Unskilled]
   quarterstaff       [Basic]
   polearms           [Unskilled]
   spear              [Unskilled]
   trident            [Unskilled]
   sling              [Unskilled]
   dart               [Unskilled]
   shuriken           [Unskilled]
 Spellcasting Skills
   attack spells      [Basic]
   healing spells     [Unskilled]
   divination spells  [Unskilled]
   enchantment spells [Basic]
   clerical spells    [Unskilled]
   escape spells      [Unskilled]
   matter spells      [Unskilled]

Voluntary challenges:
 Your character was rerolled 9 times.
 You went without food.
 You were an atheist.
 You never hit with a wielded weapon.
 You were a pacifist.
 You genocided 1 type of monster.
 You never polymorphed an object.
 You never changed form.
 You used no wishes.

 The Dungeons of Doom:
    Level 1: <- You were here.
       Final resting place for
          you, killed by genocidal confusion.


No creatures were vanquished.

Genocided species:
 wizards
1 species genocided.

Game over:
                       ----------
                      /          \
                     /    REST    \
                    /      IN      \
                   /     PEACE      \
                  /                  \
                  |      JPB01       |
                  |       0 Au       |
                  |    killed by     |
                  |    genocidal     |
                  |    confusion     |
                  |                  |
                  |       2026       |
                 *|     *  *  *      | *
        _________)/\\_//(\/(/\)/\//\/|_)_______

Goodbye JPB01 the Wizard...

You were genocided in The Dungeons of Doom on dungeon level 1 with 0 points,
and 0 pieces of gold, after 2 moves.
You were level 1 with a maximum of 11 hit points when you were genocided.

